 Dungeon Crawl Stone Soup version 0.31-a0-889-g1a8549509d (webtiles) character file.

Game seed: 4352626316155848910

23 Azuregosa the Sneak (level 2, 21/21 HPs)
             Began as an Octopode Delver on Oct 16, 2023.
             Was an Initiate of the Shining One.
             Quit the game on level 4 of the Dungeon.
             The game lasted 00:02:23 (456 turns).

Azuregosa the Sneak (Octopode Delver)                Turns: 456, Time: 00:02:23

Health: 21/21      AC:  1    Str: 11    XL:     2   Next: 95%
Magic:  2/2        EV: 13    Int: 12    God:    the Shining One [......]
Gold:   38         SH:  0    Dex: 13    Spells: 1/1 levels left

rFire   . . .        g - +0 long sword
rCold   . . .        (no shield)
rNeg    . . .        (helmet restricted)
rPois   .            (no amulet)
rElec   .            (no ring)
rCorr   .            (no ring)
SInv    .            (no ring)
Will    .....        (no ring)
Stlth   ++           (no ring)
HPRegen 0.23/turn    (no ring)
MPRegen 0.08/turn    (no ring)
                     (no ring)

%: no passive effects
@: glowing
A: almost no armour, amphibious, 8 rings, camouflage 1, gelatinous body 1,
(nimble swimmer 1), tentacles
a: Renounce Religion


You were on level 4 of the Dungeon.
You worshipped the Shining One.
The Shining One was noncommittal.
You visited 1 branch of the dungeon, and saw 4 of its levels.

You collected 38 gold pieces.

Inventory:

Hand Weapons
 a - a +0 falchion
 g - a +0 long sword (weapon)
Missiles
 i - 5 stones
Wands
 f - a wand of digging (3)
Scrolls
 b - a scroll of fog
 c - a scroll of teleportation {unknown}
 d - a scroll of fear
 h - 3 scrolls of poison {unknown}
Potions
 e - a potion of haste


   Skills:
 - Level 3.0 Fighting
 - Level 2.0 Long Blades
 - Level 2.0 Dodging
 + Level 7.7 Stealth


You had one spell level left.
You didn't know any spells.
Your spell library was empty.

Dungeon Overview and Level Annotations

Branches:
Dungeon (6/15)
 Temple: D:4-7

Altars:
Elyvilon
Fedhas
Makhleb
Nemelex Xobeh
Okawaru
Qazlal
Ru
Sif Muna
Trog
Xom
Zin
The Shining One


Innate Abilities, Weirdness & Mutations

You cannot wear most types of armour.
You are amphibious.
You can wear up to eight rings at the same time.
Your skin changes colour to match your surroundings (Stealth+).
Your rubbery body absorbs attacks. (AC +1, EV +1)
((You are camouflaged when in or above water. (Stealth+)))
You have tentacles for arms and can constrict up to eight enemies at once.


Message History

You constrict the hobgoblin, but do no damage.
The hobgoblin closely misses you.
You slash the hobgoblin!
You kill the hobgoblin!
You now have 32 gold pieces (gained 12).
Things that are here:
3 stones; a hobgoblin corpse You start resting.
HP restored.
Found three altars.
There is a blossoming altar of Fedhas here.
There is a glowing golden altar of the Shining One here.
Unknown command.
Press < or > to pray at altars.
You curl up in front of the altar of the Shining One.
The Shining One welcomes you!
You start waiting.
Done waiting.
There is a blossoming altar of Fedhas here.
Things that are here:
3 stones; a hobgoblin corpse You now have 38 gold pieces (gained 6).
Things that are here:
a +0 flail; a +0 hand axe; an orc corpse A goblin comes into view.
It is wielding a +0 dagger.
You see here 3 scrolls labelled LEC WEOTOFA.
h - 3 scrolls labelled LEC WEOTOFA The goblin shouts!
A kobold comes into view. It is wielding a +0 club.
The kobold shouts!
You slash the goblin!
You kill the goblin!
You slash the kobold!
You kill the kobold!
Things that are here:
a +0 club; 5 stones; a +0 dagger
i - 5 stones Unknown command.
Found a stone staircase leading up and a stone staircase leading down.
Are you sure you want to abandon this character and quit the game? (Confirm with "yes".)

* *,,,,,,*,................#####
** ***,,,,,,................###..
,** ***,,,,.....................
,,******,.*,....................#
,,,,,,,,,..,........)..........##
,,,,,,,,,.>.#######............##
*,,,,,,*,*#<..*###.............##
*,,,,,,*,**##..#............****#
,,,,*******#....@##.........#####
,,,,***,,,,#...............^.....
**,,,,*,88,#######.#######...##..
**,,,**,88,**,,,,### #.#.*#..
,,,,,,+,,,,*,****,,* *,#.*#<.
,,,,,,****+*,****,,* *,#.##..
,,,,,,,**,,*,**,,*** ##.#....#
,,,,,,,**,,*,**,,**### #..#...##
,,,,,,,*,****,***,,#.# #.##...#


There were no monsters in sight!

Vanquished Creatures
  A gnoll (D:4)
  4 orcs (D:4)
  A hobgoblin (D:4)
  A kobold (D:4)
  2 goblins (D:4)
9 creatures vanquished.

Notes
Turn   | Place    | Note
-------+----------+-------------------------------------------
     0 | D:5      | Azuregosa the Octopode Delver began the quest for the Orb.
     0 | D:5      | Reached XP level 1. HP: 16/16 MP: 1/1
     4 | D:6      | Noticed an orc wizard
    67 | D:4      | Reached skill level 7 in Stealth
    67 | D:4      | Reached XP level 2. HP: 18/21 MP: 2/2
   238 | D:4      | Found a blossoming altar of Fedhas.
   238 | D:4      | Found a glowing golden altar of the Shining One.
   238 | D:4      | Found a sparkling altar of Nemelex Xobeh.
   238 | D:4      | Found a glowing silver altar of Zin.
   239 | D:4      | Found a sacrificial altar of Ru.
   239 | D:4      | Found a bloodstained altar of Trog.
   240 | D:4      | Found a shimmering altar of Xom.
   240 | D:4      | Found an iron altar of Okawaru.
   240 | D:4      | Found a white marble altar of Elyvilon.
   307 | D:4      | Found a shimmering blue altar of Sif Muna.
   307 | D:4      | Found a stormy altar of Qazlal.
   307 | D:4      | Found a burning altar of Makhleb.
   311 | D:4      | Became a worshipper of the Shining One
   456 | D:4      | Quit the game

Illustrated notes

Levels and vault maps discovered:
D:3:      layout_loops_ring, dreamdust_princess_bridge
D:4:      minmay_chambers_of_fours, layout_rooms, nicolae_overflows_in_rows,
          serial_shops, nicolae_square_shop, ebering_ghost_reflecting_pool,
          uniq_ijyb, uniq_edmund
D:5:      layout_loops_corners, minmay_temple_entry_waves
D:6:      layout_gridville

Skill      XL: |  1 |
---------------+----+-----
Stealth        | 7 |  7.7
Fighting       | |  3.0
Long Blades    | |  2.0
Dodging        | |  2.0

Action                     || total
---------------------------++-------
  Melee: Falchion          ||     4
         Constrict         ||     6
         Long sword        ||    18
         Tentacles         ||     4
    Use: Scroll            ||     1
 Armour: Skin              ||    14
  Dodge: Dodged            ||    13

Table legend: (Time is in decaauts)
 A = Elapsed time spent in this place.
 B = Non-inter-level travel time spent in this place.
 C = Inter-level travel time spent in this place.
 D = Time resting spent in this place.
 E = Time spent auto-exploring this place.
 F = Levels seen in this place.
 G = Mean time per level.
                   A        B        C        D        E       F      G
               +--------+--------+--------+--------+--------+-----+--------+
         Total |    462 |    462 |      0 |    261 |     54 |   4 |  115.5 |
       Dungeon |    462 |    462 |      0 |    261 |     54 |   4 |  115.5 |
               +--------+--------+--------+--------+--------+-----+--------+

Top non-repeatable levels by time:
     D:4: 396 daAuts
     D:5: 55 daAuts
     D:6: 6 daAuts
     D:3: 3 daAuts
